 Dungeon Crawl Stone Soup version 0.22-a0-525-gf69a080 (webtiles) character file.

10782 kae the Carver (level 11, -1/97 HPs)
             Began as a Minotaur Abyssal Knight on June 21, 2018.
             Was a High Priest of Lugonu.
             Slain by an orc warrior
             ... wielding a +0 morningstar
              (17 damage)
             ... on level 10 of the Dungeon.
             The game lasted 00:11:02 (12158 turns).

kae the Carver (Minotaur Abyssal Knight)           Turns: 12158, Time: 00:11:03

Health: -1/97      AC: 14    Str: 24    XL:     11   Next: 40%
Magic:  24/24      EV: 11    Int:  9    God:    Lugonu [*****.]
Gold:   587        SH:  0    Dex: 15    Spells: 10/10 levels left

rFire    + . .     SeeInvis .   p - +6 great sword of the Peculiar Coins {holy, +Fly rF+ MP+9 Dex+4}
rCold    . . .     Gourm    .   (shield currently unavailable)
rNeg     . . .     Faith    .   w - +0 plate armour
rPois    .         Spirit   .   (helmet restricted)
rElec    .         Reflect  .   (no cloak)
rCorr    .         Harm     .   (no gloves)
MR       .....                  (no boots)
Stlth    ..........             (no amulet)
HPRegen  0.26/turn              (no ring)
MPRegen  0.19/turn              (no ring)

@: mighty
A: retaliatory headbutt, horns 2
a: Depart the Abyss, Bend Space, Banish, Corrupt, Enter the Abyss, Renounce
Religion, Evoke Flight


You were on level 10 of the Dungeon.
You worshipped Lugonu.
Lugonu was extremely pleased with you.
You were hungry.

You visited 1 branch of the dungeon, and saw 10 of its levels.
You visited the Abyss 1 time.

You collected 587 gold pieces.

Inventory:

Hand Weapons
 a - a +2 falchion
 p - the +6 great sword of the Peculiar Coins (weapon) {holy, +Fly rF+ MP+9 Dex+4}
   (You acquired it on level 9 of the Dungeon)

   It has been blessed by the Shining One to cause great damage to the undead
   and demons.
   It affects your dexterity (+4).
   It protects you from fire.
   It affects your magic capacity (+9).
   It lets you fly.
Armour
 h - a +1 ring mail
 w - a +0 plate armour (worn)
Wands
 n - a wand of clouds (3)
 q - a wand of polymorph (16)
 r - a wand of acid (25)
 s - a wand of paralysis (38)
 v - a wand of flame (14)
Scrolls
 e - a scroll of enchant weapon
 g - 3 scrolls of remove curse
 i - 2 scrolls of blinking
 l - 2 scrolls of amnesia
 m - 4 scrolls of teleportation
 t - 3 scrolls of identify
Potions
 b - 4 potions of degeneration
 d - 3 potions of ambrosia
 f - 2 potions of might
 j - a potion of brilliance
 k - 2 potions of invisibility
 o - a potion of agility
 x - 2 potions of lignification
 z - a potion of flight {unknown}
Comestibles
 c - 14 rations


   Skills:
 + Level 9.5 Fighting
 * Level 12.6 Long Blades
 + Level 9.1 Armour
 + Level 8.1 Dodging
 + Level 7.6 Invocations


You had 10 spell levels left.
You didn't know any spells.
Your spell library contained the following spells:

 Spells                   Type           Power        Failure   Level  Hunger
 Fireball                 Conj/Fire      #.........   100%        5    ######.
 Apportation              Tloc           #.....       99%         1    ##.....
 Bolt of Fire             Conj/Fire      #.........   100%        6    #######
 Lightning Bolt           Conj/Air       #.........   100%        5    ######.
 Ring of Flames           Chrm/Fire      #.........   100%        7    #######
 Summon Small Mammal      Summ           #...         99%         1    ##.....
 Animate Skeleton         Necr           N/A          99%         1    ##.....
 Stone Arrow              Conj/Erth      #.....       100%        3    ####...
 Shock                    Conj/Air       #...         99%         1    ##.....
 Swiftness                Chrm/Air       #.......     100%        2    ###....
 Airstrike                Air            #.........   100%        4    #####..
 Confusing Touch          Hex            #.....       99%         1    ##.....
 Passwall                 Tmut/Erth      #.......     100%        2    ###....
 Ignite Poison            Fire/Tmut/Pois #.......     100%        3    ####...
 Static Discharge         Conj/Air       #.......     100%        3    ####...
 Lee's Rapid Deconstruct  Erth           #.........   100%        5    ######.
 Sandblast                Erth           #.....       99%         1    ##.....
 Petrify                  Tmut/Erth      #.......     100%        4    #####..
 Ignition                 Fire           #.........   100%        8    #######


Dungeon Overview and Level Annotations

Branches:
Dungeon (10/15)            Temple (0/1) D:4            Lair (0/6) D:8
    Orc (0/2) D:10

Altars:
Ashenzari
Makhleb
Qazlal

Shops:
D:9 !

Annotations:
D:5 5 runed doors, Supahsalami's ghost, amateur MiBe
D:10 1 runed door, Eptagon's ghost, journeyman OpWn


Innate Abilities, Weirdness & Mutations

You reflexively headbutt those who attack you in melee.
You have a pair of horns on your head.


Message History

The gnoll sergeant hits you from afar with a trident of piercing.
The gnoll sergeant hits you but does no damage.
You cut the troll into ribbons!!!
You kill the troll!
Lugonu accepts your kill. The gnoll sergeant closely misses you.
The gnoll sergeant barely misses you.
A big kobold comes into view.
You barely miss the orc warrior.
The orc warrior hits you with a morningstar!!
* * * LOW HITPOINT WARNING * * *
The gnoll sergeant hits you but does no damage. x2
You hear a shout!
Your plate armour prevents you from hitting the orc warrior.
Your headbutt misses the orc warrior. The gnoll sergeant closely misses you.
The gnoll sergeant hits you from afar with a trident of piercing.
* * * LOW HITPOINT WARNING * * *
x2 You slash the orc warrior!
Your headbutt misses the orc warrior.
The orc warrior is moderately wounded.
The orc warrior hits you with a morningstar!
You die...

###########.######.#
......# ##.## ###.#
#####.## #...# #...#
####.†.####### #.#.#
.........#8...8#.#.#
####...###...Kg#.#.#
# ##.## #..>o.g)#.#
# #.# #o#.# # #.####
#@#.# # #....##
##.#.# #
#.###.#####....#
#####.# #..........#
......###.####.##.##
......>...# #.##.#
########### #.##>#
#### ##### #.##.#
...# #...####.##.#


You could see an orc warrior and 2 gnoll sergeants.

Vanquished Creatures
  3 death yaks (D:8)
  An unseen horror (D:10)
  A cyclops (D:9)
  A troll (D:10)
  A hornet (D:7)
  Prince Ribbit (D:7)
  2 hippogriffs
  A spriggan (D:8)
  A shadow (D:10)
  A wyvern (D:10)
  6 yaks (D:9)
  Menkaure (D:6)
  A water moccasin (D:5)
  2 porcupines (D:8)
  9 orc warriors
  3 ice beasts
  2 sky beasts
  A necrophage (D:8)
  6 ogres
  A phantom (D:7)
  2 centaurs
  A crocodile (D:10)
  2 big kobolds
  Blork the orc (D:6)
  6 bullfrogs
  A gnoll sergeant (D:10)
  4 killer bees (D:9)
  5 scorpions
  10 wights (D:9)
  4 crimson imps
  3 bullfrog skeletons
  A hound (D:7)
  2 jellies
  15 orc wizards
  5 orc priests
  An iguana (D:5)
  3 hell rats (D:8)
  12 worker ants
  2 hound skeletons
  A worker ant zombie (D:5)
  5 gnolls
  A river rat (D:8)
  13 adders
  2 shadow imps
  2 oozes (D:1)
  An adder zombie (D:8)
  2 adder skeletons
  A worm (D:2)
  3 dart slugs
  7 leopard geckos
  39 orcs
  A ball python (D:4)
  4 giant cockroaches
  6 goblins
  10 hobgoblins
  5 jackals
  3 quokkas
  8 bats
  4 frilled lizards
  A jackal skeleton (D:4)
  17 kobolds
  9 rats
270 creatures vanquished.

Vanquished Creatures (others)
  2 withered plants (D:10)
2 creatures vanquished.

Grand Total: 272 creatures vanquished

Notes
Turn   | Place    | Note
-------+----------+-------------------------------------------
     0 | Abyss:1  | kae the Minotaur Abyssal Knight began the quest for the Orb.
     0 | Abyss:1  | Reached XP level 1. HP: 19/19 MP: 1/1
     2 | Abyss:1  | Found a corrupted altar of Lugonu.
    17 | Abyss:1  | Found a viscous altar of Jiyva.
    36 | Abyss:1  | Noticed an orange demon
    37 | D:1      | Escaped the Abyss
   215 | D:1      | Reached XP level 2. HP: 20/27 MP: 2/2
   315 | D:1      | Reached * piety under Lugonu
   341 | D:1      | Reached skill level 3 in Long Blades
   433 | D:1      | Found a shattered altar of Ashenzari.
   476 | D:1      | Reached XP level 3. HP: 31/33 MP: 3/3
  1705 | D:2      | Reached XP level 4. HP: 36/40 MP: 4/4
  1723 | D:2      | Reached ** piety under Lugonu
  2046 | D:3      | Reached skill level 4 in Long Blades
  2056 | D:3      | Reached XP level 5. HP: 19/47 MP: 5/5
  3455 | D:4      | Reached XP level 6. HP: 48/53 MP: 7/7
  3500 | D:4      | Reached skill level 5 in Long Blades
  3686 | D:4      | Found a staircase to the Ecumenical Temple.
  3976 | D:5      | Entered Level 5 of the Dungeon
  3993 | D:5      | Found a runed door.
  4037 | D:5      | Reached *** piety under Lugonu
  4082 | D:5      | Found a burning altar of Makhleb.
  4280 | D:5      | Found a runed gate.
  4280 | D:5      | Found a runed gate.
  4281 | D:5      | Found a runed gate.
  4314 | D:5      | Reached skill level 5 in Fighting
  4363 | D:5      | Noticed a water moccasin
  4365 | D:5      | Noticed a sky beast
  4366 | D:5      | Noticed an ice beast
  4371 | D:5      | Killed a water moccasin
  4371 | D:5      | Reached XP level 7. HP: 56/61 MP: 8/8
  4387 | D:5      | Reached skill level 6 in Long Blades
  4607 | D:5      | Found a runed door.
  4803 | D:5      | Noticed Supahsalami's ghost (amateur MiBe)
  4918 | D:6      | Noticed a yak
  4918 | D:6      | Noticed a gargoyle
  5104 | D:6      | Reached skill level 5 in Armour
  5117 | D:6      | Reached XP level 8. HP: 54/70 MP: 10/10
  5226 | D:6      | Reached skill level 7 in Long Blades
  5453 | D:6      | Noticed Menkaure
  5494 | D:6      | Killed Menkaure
  5989 | D:6      | Noticed Blork the orc
  6003 | D:6      | Killed Blork the orc
  6281 | D:6      | Reached skill level 8 in Long Blades
  6526 | D:7      | Reached skill level 5 in Dodging
  6602 | D:7      | Reached skill level 5 in Invocations
  6602 | D:7      | Reached XP level 9. HP: 72/78 MP: 11/11
  6740 | D:7      | Noticed Prince Ribbit
  6755 | D:7      | Killed Prince Ribbit
  6755 | D:7      | Reached skill level 9 in Long Blades
  7465 | D:7      | Reached **** piety under Lugonu
  8062 | D:8      | Noticed a death yak
  8070 | D:8      | Noticed a death yak
  8073 | D:8      | Killed a death yak
  8073 | D:8      | Reached skill level 10 in Long Blades
  8074 | D:8      | Noticed a death yak
  8081 | D:8      | Killed a death yak
  8081 | D:8      | Reached XP level 10. HP: 61/88 MP: 13/13
  8090 | D:8      | Killed a death yak
  8104 | D:8      | Reached skill level 11 in Long Blades
  8540 | D:8      | Found a staircase to the Lair.
  9448 | D:9      | HP: 4/90 [worker ant (1)]
 10166 | D:9      | Found Wovoan's Distillery.
 10480 | D:9      | Reached ***** piety under Lugonu
 10523 | D:9      | Reached XP level 11. HP: 82/97 MP: 15/15
 10543 | D:9      | Reached skill level 12 in Long Blades
 11127 | D:9      | Identified a scroll of acquirement
 11128 | D:9      | Got a twisted great sword
 11129 | D:9      | Identified the +6 great sword of the Peculiar Coins {holy, +Fly rF+ MP+9 Dex+4} (You acquired it on level 9 of the Dungeon)
 11141 | D:10     | Entered Level 10 of the Dungeon
 11660 | D:10     | Found a stormy altar of Qazlal.
 11767 | D:10     | Found a runed door.
 11768 | D:10     | Noticed Eptagon's ghost (journeyman OpWn)
 11944 | D:10     | Killed an unseen horror
 12131 | D:10     | Found a staircase to the Orcish Mines.
 12158 | D:10     | Slain by an orc warrior

Vault maps used:
D:1:      mainiacjoe_arrival_reflecting_pool, evilmike_ruin_ashenzari
D:2:      kennysheep_nondescript, grunt_ministairs_14, serial_bayou_crossing
D:4:      temple_hall, first_ration
D:5:      lemuel_insect_pit, overflow_temple_1_default,
          gammafunk_ghost_necromancy
D:6:      lightli_corner_chamber, uniq_menkaure, uniq_blork_the_orc
D:7:      uniq_prince_ribbit1
D:8:      dpeg_lair_monsters, the_bakery
D:9:      serial_shops, nicolae_shop_window_shopping, hive_lemuel
D:10:     kennysheep_orc_monster_closet_entryway, gammafunk_ghost_grave,
          nicolae_qazlal_general_emergency

Skill      XL: |  1  2  3  4  5  6  7  8  9 10 11 |
---------------+----------------------------------+-----
Invocations    | 2 3 4 5 6 7 |  7.6
Long Blades    | 3 4 5 6 8 10 11 12 | 12.6
Fighting       | 4 5 6 8 9 |  9.5
Armour         | 3 4 5 6 7 8 9 |  9.1
Dodging        | 2 3 4 5 6 7 8 |  8.1

Action                   |  1- 3 |  4- 6 |  7- 9 | 10-12 || total
-------------------------+-------+-------+-------+-------++-------
Melee: Falchion          |    88 |   133 |   272 |   302 ||   795
       Headbutt          |    12 |    26 |    58 |    62 ||   158
       Great sword       |       |       |       |    78 ||    78
Invok: Depart the Abyss  |     1 |       |       |       ||     1
Evoke: Wand              |       |       |     4 |     3 ||     7
  Use: Scroll            |     7 |     7 |     4 |     6 ||    24
       Potion            |       |       |     4 |     6 ||    10
  Eat: Chunk             |     2 |     9 |    11 |    10 ||    32
       Ration            |       |       |       |     1 ||     1
Armor: Leather armour    |    25 |    13 |       |       ||    38
       Ring mail         |       |    22 |    67 |    54 ||   143
       Skin              |       |       |       |    22 ||    22
       Plate armour      |       |       |       |    40 ||    40
Dodge: Dodged            |    43 |    82 |   134 |   162 ||   421
       Rpst.: Falchion   |     8 |    14 |    34 |    31 ||    87
       Great sword       |       |       |       |     7 ||     7

Table legend:
 A = Spawn XP
 B = Non-spawn XP
 C = Spawn XP percentage of total XP
 D = Spawn monster count
 E = Non-spawn monster count
 F = Spawn count percentage of total count
 G = Total turns spent on level
                    A         B        C        D         E        F      G
               +---------+---------+-------+---------+---------+-------+---------
         Total |       0 |   15403 |   0.0 |       0 |     270 |   0.0 | 12158
               +---------+---------+-------+---------+---------+-------+---------
           D:1 |       0 |      59 |   0.0 |       0 |      26 |   0.0 |   995
           D:2 |       0 |      47 |   0.0 |       0 |      18 |   0.0 |  1110
           D:3 |       0 |     231 |   0.0 |       0 |      32 |   0.0 |  1254
           D:4 |       0 |      93 |   0.0 |       0 |      13 |   0.0 |   580
           D:5 |       0 |     770 |   0.0 |       0 |      12 |   0.0 |   883
           D:6 |       0 |    1279 |   0.0 |       0 |      21 |   0.0 |  1664
           D:7 |       0 |    1611 |   0.0 |       0 |      27 |   0.0 |  1404
           D:8 |       0 |    3875 |   0.0 |       0 |      25 |   0.0 |   974
           D:9 |       0 |    3994 |   0.0 |       0 |      62 |   0.0 |  2435
          D:10 |       0 |    3444 |   0.0 |       0 |      34 |   0.0 |   822
               +---------+---------+-------+---------+---------+-------+---------
